 Dungeon Crawl Stone Soup version 0.22.0-49-gab54619674 (webtiles) character file.

57 JedernureinKreuz the Conjurer (level 3, 0/19 HPs)
             Began as a Deep Elf Conjurer on Sept 7, 2018.
             Slain by an orc
             ... wielding a +0 mace
              (9 damage)
             ... on level 3 of the Dungeon.
             The game lasted 00:09:58 (2177 turns).

JedernureinKreuz the Conjurer (Deep Elf Conjurer)   Turns: 2177, Time: 00:09:59

Health: 0/19       AC:  2    Str:  5    XL:     3   Next: 73%
Magic:  6/10       EV: 13    Int: 20    God:
Gold:   160        SH:  0    Dex: 15    Spells: 8/9 levels left

rFire    . . .     SeeInvis .   l - +0 dagger (drain)
rCold    . . .     Gourm    .   (no shield)
rNeg     . . .     Faith    .   a - +0 robe
rPois    .         Spirit   .   (no helmet)
rElec    .         Reflect  .   (no cloak)
rCorr    .         Harm     .   (no gloves)
MR       .....                  (no boots)
Stlth    ++........             (no amulet)
HPRegen  0.06/turn              (no ring)
MPRegen  0.12/turn              (no ring)

@: no status effects
A: no striking features
a: no special abilities


You were on level 3 of the Dungeon.
You were not hungry.

You visited 1 branch of the dungeon, and saw 3 of its levels.

You collected 160 gold pieces.

Inventory:

Hand Weapons
 f - a +2 short sword of speed
 j - a +0 dagger
 l - a +0 dagger of draining (weapon)
Missiles
 m - 8 poisoned needles
Armour
 a - a +0 robe (worn)
Scrolls
 b - 3 scrolls of remove curse {unknown}
 g - a scroll of fear {unknown}
 h - a scroll of blinking {unknown}
 o - a scroll of noise {unknown}
 p - a scroll of random uselessness {unknown}
Potions
 d - a potion of agility {unknown}
 e - a potion of mutation {unknown}
 i - 2 potions of might {unknown}
 k - a potion of curing {unknown}
 n - 3 potions of haste {unknown}
Comestibles
 c - 11 rations
 q - a chunk of flesh


   Skills:
 + Level 0.9 Short Blades
 + Level 3.0 Dodging
 + Level 3.0 Stealth
 + Level 3.5 Spellcasting
 + Level 5.1 Conjurations


You had 8 spell levels left.
You knew the following spells:

 Your Spells              Type           Power        Failure   Level  Hunger
a - Magic Dart            Conj           ###.         1%          1    None

Your spell library contained the following spells:

 Spells                   Type           Power        Failure   Level  Hunger
 Searing Ray              Conj           ###...       2%          2    ##.....
 Dazzling Spray           Conj/Hex       ##....       14%         3    ###....
 Iskenderun's Mystic Bla  Conj           ###.....     16%         4    ####...
 Force Lance              Conj/Tloc      ##......     43%         4    ####...
 Fulminant Prism          Conj/Hex       ##........   43%         4    ####...


Dungeon Overview and Level Annotations

Branches:
Dungeon (3/15)

Altars:
Gozag


Message History

An orc comes into view. It is wielding a club.
The orc shouts!
The orc wizard shouts!
The orc shouts!
The orc wizard gestures wildly while chanting.
The orc wizard flickers and vanishes!
Deactivating autopickup; reactivate with Ctrl-A.
The orc hits you with a mace.
Casting: Magic Dart (safe; 1% risk of failure)
Confirm with . or Enter, or press ? or * to list all spells.
Aiming: Magic Dart (safe; 1% risk of failure)
Press: ? - help, Shift-Dir - straight line, f - orc
Aim: an orc, wielding a mace and wearing a leather armour The magic dart hits the orc.
The orc is severely wounded.
The orc closely misses you.
An orc comes into view. It is wielding a club.
A puff of flame appears from out of thin air!
The puff of flame hits you!
The orc shouts!
The orc hits you with a mace!
You die...

.....# #........)#
..... #...(.....# ....
...#.........####
####...................
####.#..(#.........###
.....#.......o...#...#
.....#.#######{#.#.#.#
.....#. ......o...#
.....# #####.#@###.###
.....# #.........#
.....# #...###.#.#
.....# #...# .....#
#..<# ####(# #.(.# #.#
#######..## #.#
#........# #.#
#.######.#


You could see 2 orcs.

Vanquished Creatures
  An adder (D:3)
  5 worms
  An orc (D:3)
  A ball python (D:1)
  A goblin (D:2)
  5 hobgoblins
  3 jackals (D:1)
  4 kobolds
  6 bats
  3 frilled lizards (D:2)
  4 rats
34 creatures vanquished.

Notes
Turn   | Place    | Note
-------+----------+-------------------------------------------
     0 | D:1      | JedernureinKreuz the Deep Elf Conjurer began the quest for
                  | the Orb.
     0 | D:1      | Reached XP level 1. HP: 10/10 MP: 6/6
   346 | D:1      | Reached XP level 2. HP: 9/15 MP: 2/8
  1438 | D:2      | Reached skill level 5 in Conjurations
  1438 | D:2      | Reached XP level 3. HP: 19/19 MP: 1/9
  1721 | D:3      | Found an opulent altar of Gozag.
  2177 | D:3      | Slain by an orc

Skill      XL: |  1  2  3 |
---------------+----------+-----
Conjurations   | 5 |  5.1
Dodging        | 3 |  3.0
Stealth        | 3 |  3.0
Short Blades   | |  0.9
Spellcasting   | |  3.5

Action                   || total
-------------------------++-------
Melee: Dagger            ||     7
Throw: Throwing net      ||     4
 Cast: Magic Dart        ||    91
 Stab: Held in net/web   ||     2
  Eat: Chunk             ||     4
Armor: Robe              ||     3
Dodge: Dodged            ||    19
